 Dungeon Crawl Stone Soup version 0.23.2-33-g5129a83184 (webtiles) character file.

Game seed: 10505757179434717013

471 raph the Slasher (level 7, -5/67 HPs)
             Began as a Halfling Berserker on July 7, 2019.
             Was a Priest of Trog.
             Killed from afar by an orc (14 damage)
             ... with a wand of acid (2)
             ... on level 4 of the Dungeon.
             The game lasted 00:07:42 (3200 turns).

raph the Slasher (Halfling Berserker)               Turns: 3200, Time: 00:07:42

Health: -5/67      AC: 23    Str: 23    XL:     7   Next: 31%
Magic:  7/7        EV:  3    Int:  5    God:    Trog [***...]
Gold:   217        SH:  0    Dex: 21    Spells: 6/6 levels left

rFire    . . .     SeeInvis .   u - -2 long sword (curse)
rCold    . . .     Gourm    .   (shield restricted)
rNeg     + + +     Faith    .   (armour currently unavailable)
rPois    +         Spirit   .   (helmet currently unavailable)
rElec    .         Reflect  .   (cloak currently unavailable)
rCorr    .         Harm     .   (gloves currently unavailable)
MR       .....     NoTele   +   (boots currently unavailable)
Stlth    +++.......             (no amulet)
HPRegen  0.21/turn              (no ring)
MPRegen  0.10/turn              (no ring)

@: mighty, agile, tree-form
A: small, mutation resistance 1
a: Berserk, Trog's Hand, Renounce Religion


You were on level 4 of the Dungeon.
You worshipped Trog.
Trog was most pleased with you.
You were near starving.
You were a tree.
You visited 1 branch of the dungeon, and saw 6 of its levels.

You collected 217 gold pieces.

Inventory:

Hand Weapons
 a - a +0 falchion
 b - a +0 hunting sling
 u - a cursed -2 long sword (weapon)
Missiles
 f - 133 stones (quivered)
 n - 22 sling bullets
Armour
 k - a +0 scale mail (melded)
 q - a +0 pair of boots (melded)
Scrolls
 e - 2 scrolls of enchant weapon {unknown}
 i - 7 scrolls of identify {unknown}
 l - a scroll of enchant armour {unknown}
 o - 2 scrolls of blinking {unknown}
 p - a scroll of random uselessness {unknown}
 v - a scroll of noise {unknown}
Potions
 g - a potion of mutation {unknown}
 h - 2 potions of curing
 r - a potion of invisibility {unknown}
 t - a potion of degeneration {unknown}
 w - a potion of heal wounds {unknown}
Comestibles
 c - 7 rations


   Skills:
 - Level 2.6 Fighting
 * Level 7.8 Long Blades
 - Level 2.1 Armour
 - Level 2.1 Dodging


You had 6 spell levels left.
You didn't know any spells.
Your spell library was empty.

Dungeon Overview and Level Annotations

Branches:
Dungeon (6/15)
 Temple: D:4-7

Altars:
Trog


Innate Abilities, Weirdness & Mutations

You are small and have problems with some larger weapons.
You are somewhat resistant to further mutation.


Message History

The scorpion stings you but does no damage.
All of the chunks of flesh in your inventory have rotted away.
You slash the scorpion!
You kill the scorpion!
Trog accepts your kill. Something hits you but does no damage.
You hit something but do no damage. Something hits you but does no damage.
Throwing (i - inventory)
f - 134 stones (quivered)
Press: ? - help, Shift-Dir - straight line, f - orc
Aim: an orc, wielding a +3 war axe, wearing a +0 leather armour and carrying a wand of acid (2)
You throw a stone. Something hits you but does no damage.
You hear some strange, mumbled words.
A puff of frost appears from out of thin air!
The puff of frost hits you but does no damage.
You barely miss something. Something hits you but does no damage.
An orc is nearby!
An orc is nearby!
You miss something. Something completely misses you.
The orc zaps a wand.
The bolt of acid hits you!
You die...

#. ... ###. .) ..
... #.#..... #..
#.###(#..#..#..#
#.##..#.... ...#
#.##....%..#...#...
##.....#.# #....#..#
# #...#....
#♣#...... ##
##......## #(#....#
)###...##...# #o#...
......##..#.####.#.#
..##.##..##.)##....#
#.##....##......#..#
#......##..#.o##..##
....##....###.##o##
##.........##)...#


You could see an orc.

Vanquished Creatures
  An ogre (D:4)
  Blork the orc (D:4)
  A scorpion (D:4)
  A howler monkey (D:5)
  Terence (D:2)
  An orc wizard (D:3)
  A worker ant (D:4)
  6 adders
  An ooze (D:1)
  An adder skeleton (D:4)
  6 worms
  2 dart slugs (D:2)
  3 orcs (D:3)
  9 bats
  A giant cockroach (D:1)
  6 goblins
  3 hobgoblins
  7 jackals
  2 quokkas
  2 ball pythons
  8 frilled lizards
  7 kobolds
  A leopard gecko skeleton (D:4)
  10 rats
82 creatures vanquished.

Vanquished Creatures (others)
  An orc (D:4)
1 creature vanquished.

Grand Total: 83 creatures vanquished

Notes
Turn   | Place    | Note
-------+----------+-------------------------------------------
     0 | D:1      | raph the Halfling Berserker began the quest for the Orb.
     0 | D:1      | Reached XP level 1. HP: 15/15 MP: 1/1
    41 | D:1      | Reached XP level 2. HP: 20/20 MP: 2/2
   481 | D:1      | Reached skill level 4 in Long Blades
   481 | D:1      | Reached XP level 3. HP: 23/25 MP: 3/3
   661 | D:1      | Reached ** piety under Trog
   942 | D:2      | Noticed Terence
   952 | D:2      | Killed Terence
   952 | D:2      | Reached XP level 4. HP: 30/30 MP: 4/4
  1121 | D:2      | Reached skill level 5 in Long Blades
  1243 | D:2      | Found a bloodstained altar of Trog.
  1761 | D:2      | Reached XP level 5. HP: 35/35 MP: 5/5
  2623 | D:3      | Reached *** piety under Trog
  2623 | D:3      | Reached skill level 6 in Long Blades
  2822 | D:3      | You fall through a shaft for 3 floors!
  2855 | D:5      | Entered Level 5 of the Dungeon
  2889 | D:5      | Reached XP level 6. HP: 37/41 MP: 6/6
  3006 | D:4      | Noticed Blork the orc
  3012 | D:4      | Killed Blork the orc
  3020 | D:4      | Reached skill level 7 in Long Blades
  3147 | D:4      | Noticed an ogre
  3155 | D:4      | Killed an ogre
  3155 | D:4      | Reached XP level 7. HP: 45/45 MP: 7/7
  3200 | D:4      | Killed from afar by an orc

Skill      XL: |  1  2  3  4  5  6 |
---------------+-------------------+-----
Long Blades    | 4 5 6 7 |  7.8
Fighting       | |  2.6
Armour         | |  2.1
Dodging        | |  2.1

Action                   |  1- 3 |  4- 6 |  7- 9 || total
-------------------------+-------+-------+-------++-------
Melee: Falchion          |    89 |   153 |       ||   242
       Long sword        |       |    41 |    22 ||    63
Throw: Stone             |       |       |     1 ||     1
Invok: Berserk           |     4 |     4 |       ||     8
       Trog's Hand       |       |       |     2 ||     2
  Use: Potion            |       |       |     4 ||     4
 Stab: Sleeping          |     1 |       |       ||     1
  Eat: Chunk             |     2 |    12 |       ||    14
Armor: Animal skin       |    16 |       |       ||    16
       Scale mail        |       |    65 |     4 ||    69
       Skin              |       |       |    18 ||    18
Dodge: Dodged            |    66 |   125 |    18 ||   209
       Rpst.: Falchion   |    20 |    24 |       ||    44
       Long sword        |       |     9 |     6 ||    15
